 Dungeon Crawl Stone Soup version 0.24-a0-462-ge24419a6ad (webtiles) character file.

Game seed: 10378434800908716254

0 Gargoyl the Skirmisher (level 1, -14/19 HPs)
             Began as a Centaur Abyssal Knight on July 1, 2019.
             Was a Follower of Lugonu.
             Killed from afar by a red draconian (33 damage)
             ... with a searing blast
             ... on level 1 of the Abyss.
             The game lasted 00:00:56 (205 turns).

Gargoyl the Skirmisher (Centaur Abyssal Knight)      Turns: 205, Time: 00:00:57

Health: -14/19     AC:  4    Str: 14    XL:     1   Next: 0%
Magic:  2/2        EV:  9    Int: 11    God:    Lugonu [*.....]
Gold:   0          SH:  0    Dex:  8    Spells: 0/0 levels left

rFire    . . .     SeeInvis .   a - +1 hand axe
rCold    . . .     Gourm    .   (no shield)
rNeg     . . .     Faith    .   b - +0 leather armour
rPois    .         Spirit   .   (no helmet)
rElec    .         Reflect  .   (no cloak)
rCorr    .         Harm     .   (no gloves)
MR       .....                  (no barding)
Stlth    ..........             (no amulet)
HPRegen  0.06/turn              d - ring of attention (curse)
MPRegen  0.08/turn              (no ring)

@: very quick
A: large, hooves 3, deformed body, speed 2, tough skin 3
a: Depart the Abyss, Renounce Religion


You were on level 1 of the Abyss.
You worshipped Lugonu.
Lugonu was aware of your devotion.
You were not hungry.

You visited 0 branches of the dungeon, and saw 0 of its levels.
You visited the Abyss 1 time.

Inventory:

Hand Weapons
 a - a +1 hand axe (weapon)
Armour
 b - a +0 leather armour (worn)
Jewellery
 d - a cursed ring of attention (left hand)
Comestibles
 c - a ration


   Skills:
 + Level 3.0 Fighting
 + Level 1.7 Axes
 + Level 1.3 Armour
 + Level 0.6 Dodging
 + Level 2.0 Invocations


You couldn't memorise any spells.
You didn't know any spells.
Your spell library was empty.

Dungeon Overview and Level Annotations

Branches:
Dungeon (0/15)

Altars:


Innate Abilities, Weirdness & Mutations

You have hooves in place of feet.
Armour fits poorly on your strangely shaped body.
You cover ground very quickly.
You have extremely tough skin. (AC +3)


Message History

e - a scroll labeled COJENYZUW
As you read the scroll labeled COJENYZUW, it crumbles to dust.
You feel momentarily disoriented.
It was a scroll of magic mapping.
Unknown command.
The black mamba disappears in a puff of smoke!
The worldbinder calls forth creatures from the Snake Pit!
The worldbinder calls forth creatures from the Snake Pit!
Found a ration.
Found a glowing purple potion.
An ancient zyme comes into view.
Found a ration.
You feel yourself growing ill in the presence of the ancient zyme.
A red draconian comes into view. It is wielding a +0 flail.
The red draconian roars!
A kobold demonologist comes into view. It is wielding a +0 dagger.
The kobold demonologist shouts!
The red draconian breathes flames at you.
The searing blast hits you!!
Ouch! That really hurt!
You die...

.. ... .. #.#
##K## #.#
...###...###...
..#.§...#..
.§..§.... #.d...#
.. #...# . #§#
##@## .#
.§.###...## ...#
.§%.#.....#.... #
....x.......... .
....#.....#.....#
...###...###...##
...#...###.#...#.
#.###.## ..#..# #
#....#.. .## ..


You could see a red draconian, an ancient zyme and a kobold demonologist.

Vanquished Creatures (others)
  4 starspawn tentacles (Abyss:1)
4 creatures vanquished.

Notes
Turn   | Place    | Note
-------+----------+-------------------------------------------
     0 | Abyss:1  | Gargoyl the Centaur Abyssal Knight began the quest for the
                  | Orb.
     0 | Abyss:1  | Reached XP level 1. HP: 19/19 MP: 2/2
    25 | Abyss:1  | Noticed a tentacled starspawn
    27 | Abyss:1  | Noticed an orange demon
    46 | Abyss:1  | Noticed a starcursed mass
    79 | Abyss:1  | Noticed a raiju
    82 | Abyss:1  | Noticed a large abomination
    88 | Abyss:1  | Noticed a fire dragon skeleton
   103 | Abyss:1  | Noticed a large abomination
   106 | Abyss:1  | Noticed a five-headed hydra simulacrum
   140 | Abyss:1  | Noticed a worldbinder
   140 | Abyss:1  | Noticed a neqoxec
   141 | Abyss:1  | Noticed a naga
   147 | Abyss:1  | Noticed a naga
   161 | Abyss:1  | Noticed a black mamba
   168 | Abyss:1  | Noticed a naga
   170 | Abyss:1  | Noticed a naga
   200 | Abyss:1  | Noticed an ancient zyme
   202 | Abyss:1  | Noticed a red draconian
   204 | Abyss:1  | Noticed a kobold demonologist
   205 | Abyss:1  | Killed from afar by a red draconian

Levels and vault maps discovered:
Abyss:1

Action                   || total
-------------------------++-------
  Use: Scroll            ||     2

Table legend:
 A = Non-vault XP
 B = Vault XP
 C = Vault XP percentage of total XP
 D = Non-vault monster count
 E = Vault monster count
 F = Vault count percentage of total count
                 A         B        C        D         E       F
            +---------+---------+-------+---------+---------+-------
      Total |       0 |       0 |   N/A |       0 |       0 |  -nan
            +---------+---------+-------+---------+---------+-------
            +---------+---------+-------+---------+---------+-------
